 Dungeon Crawl Stone Soup version 0.30.0-20-g3615ddf2f0 (webtiles) character file.

Game seed: 8684103424572563357

2070 qw the Cleaver (level 9, 0/56 HPs)
             Began as a Gargoyle Fighter on May 31, 2023.
             Slain by a yak (1 damage)
             ... on level 7 of the Dungeon.
             The game lasted 00:02:56 (6383 turns).

qw the Cleaver (Gargoyle Fighter)                   Turns: 6383, Time: 00:02:56

Health: 0/56       AC: 22    Str: 23    XL:     9   Next: 26%
Magic:  9/9        EV:  9    Int: 10    God:
Gold:   221        SH:  4    Dex:  9    Spells: 8/8 levels left

rFire   + . .        Y - +3 war axe
rCold   + + .        c - +0 buckler
rNeg    + . .        r - +2 ice dragon scales
rPois   inf          e - +2 helmet
rElec   +            (no cloak)
rCorr   .            (no gloves)
SInv    .            (no boots)
Will    .....        m - amulet of regeneration Stlth
                     j - ring of protection from fire
HPRegen 1.09/turn    b - ring of protection from fire
MPRegen 0.11/turn

%: no passive effects
@: about to teleport
A: sickness immunity, AC +6, negative energy resistance 1, electricity
resistance, torment resistance 1, petrification resistance
a: no special abilities


You were on level 7 of the Dungeon.
You visited 2 branches of the dungeon, and saw 8 of its levels.
You also visited: Ossuary.

You collected 679 gold pieces.
You spent 458 gold pieces at shops.


Innate Abilities, Weirdness & Mutations

You are immune to sickness and miasma.
Your stone body is resilient. (AC +6)
You are immune to poison.
You resist negative energy. (rN+)
You are resistant to electric shocks. (rElec)
You are resistant to unholy torment.
You are immune to petrification.


   Skills:
 + Level 6.8 Fighting
 - Level 9.1 Axes
 - Level 1.7 Throwing
 - Level 4.0 Armour
 - Level 1.2 Dodging
 - Level 4.0 Shields


You had 8 spell levels left.
You didn't know any spells.
Your spell library was empty.

Inventory:

Hand Weapons
 s - a +5 morningstar
 Y - a +3 war axe (weapon)
Missiles
 l - a boomerang (quivered)
Armour
 c - a +0 buckler (worn)
 e - a +2 helmet (worn)
 i - a +0 chain mail
 r - +2 ice dragon scales (worn)
 v - a +2 cloak
Jewellery
 b - a ring of protection from fire (right hand)
 j - a ring of protection from fire (left hand)
 m - an amulet of regeneration (around neck)
 u - a ring of willpower
Scrolls
 g - a scroll of identify
 o - a scroll of teleportation
Potions
 a - 2 potions of cancellation
 d - 4 potions of might
 f - a potion of resistance
 h - 6 potions of heal wounds
 k - 5 potions of curing
 n - 3 potions of attraction
 p - 4 potions of mutation
 q - a potion of haste
 t - a potion of lignification
 z - a potion of invisibility {unknown}

Dungeon Overview and Level Annotations

Branches:
Dungeon (7/15)             Temple (1/1) D:6         Ossuary (visited)

Altars:
Ashenzari
Cheibriados
Dithmenos
Elyvilon
Fedhas
Gozag
Hepliaklqana
Kikubaaqudgha
Makhleb
Nemelex Xobeh
Qazlal
Ru
Sif Muna
Trog
Uskayaw
Wu Jian
Yredelemnul
Zin
The Shining One

Shops:
D:2 (   D:4 ?   D:6 !


Message History

The yak gores you!
A yak comes into view.
You slash the yak!
The yak is almost dead.
The yak gores you but does no damage.
You hit the yak.
The yak is almost dead.
The yak gores you but does no damage.
A yak comes into view.
The yak bellows!
You hit the yak.
You kill the yak!
You hit the yak.
The yak is lightly wounded.
You slash the yak! You block the yak's attack.
You barely miss the yak.
The yak is moderately wounded.
You closely miss the yak. The yak barely misses you.
The yak gores you but does no damage.
The yak gores you! x2; The yak closely misses you.
You slash the yak!
The yak is heavily wounded.
You hit the yak. You slash the yak! You hit the yak.
The yak closely misses you. The yak barely misses you.
The yak gores you but does no damage. x2
You slash the yak!
The yak is severely wounded.
You slash the yak! You hit the yak but do no damage. You hit the yak.
The yak gores you but does no damage. The yak gores you.
The yak closely misses you. The yak barely misses you.
You hit the yak.
The yak is almost dead.
You barely miss the yak. You slash the yak! You hit the yak but do no damage.
You block the yak's attack. x2; The yak closely misses you.
The yak gores you!
6383 ||| READING 2 scrolls of teleportation.
As you read the scroll of teleportation, it crumbles to dust.
You feel strangely unstable. The yak gores you! You block the yak's attack.
The yak gores you.
You die...

#........#####
...........#
###...<....##
#.#.....## #.##...##
#.###.## #####.####
.#...YY...###
##..###@##...#########
......YY##...........#
##..##.......#######.#
.. #......### #.#
##...#.# #.# ........#
#.#
####.############.###
#.# #........... #+#
#.##.#.#.##.


You could see 4 yaks.

Vanquished Creatures
  A yak (D:7)
  2 ice beasts
  An ogre (D:7)
  2 gnoll sergeants
  2 scorpions (D:6)
  6 wights
  3 howler monkeys
  3 hounds
  2 orc priests (D:7)
  A gnoll bouda (D:6)
  6 jellies
  2 sleepcaps
  Jessica (D:2)
  3 iguanas
  An orc wizard (D:7)
  8 mummies (Ossuary)
  Robin (D:3)
  12 gnolls
  6 adders
  A shadow imp (D:5)
  A white imp (D:7)
  2 ufetubi
  A worm (D:3)
  5 dart slugs
  10 orcs
  8 ball pythons
  3 bats
  5 endoplasms
  4 giant cockroaches
  9 goblins
  7 hobgoblins
  5 jackals
  3 kobolds (D:1)
  5 quokkas
  A frilled lizard (D:1)
  4 hobgoblin zombies (Ossuary)
  2 kobold zombies (Ossuary)
  2 orc zombies (Ossuary)
  3 rats
144 creatures vanquished.

Notes
Turn   | Place    | Note
-------+----------+-------------------------------------------
     0 | D:1      | qw the Gargoyle Fighter began the quest for the Orb.
     0 | D:1      | Reached XP level 1. HP: 14/14 MP: 1/1
     0 | D:1      | 0 ||| qw: Version: 0.2-a-102-gfc559e5
     0 | D:1      | 0 ||| qw: Game counter: 560
     0 | D:1      | 0 ||| qw: Always use a shield: true
     0 | D:1      | 0 ||| qw: God list: Okawaru
     0 | D:1      | 0 ||| qw: Allow faded altars: false
     0 | D:1      | 0 ||| qw: Do Orc after D:15 true
     0 | D:1      | 0 ||| qw: Do second Lair branch before Depths: true
     0 | D:1      | 0 ||| qw: Lair rune preference: random
     0 | D:1      | 0 ||| qw: Plans: Normal, Zot:1-4, Slime:5, God:TSO, Crypt,
                  | Tomb, Pan, Hells, Abyss, Win
     0 | D:1      | 0 ||| PLANNING D:1-11
   273 | D:1      | Reached skill level 2 in Axes
   395 | D:1      | Reached XP level 2. HP: 19/19 MP: 2/2
   396 | D:1      | 396 ||| Stepping ~*~*~tactically~*~*~ (stealth).
   419 | D:1      | 419 ||| Stepping ~*~*~tactically~*~*~ (stealth).
   850 | D:1      | Reached skill level 3 in Axes
  1043 | D:1      | 1043 ||| READING scroll labelled FUNARI XUERRYU.
  1044 | D:1      | 1044 ||| READING scroll labelled DUSECUENENK.
  1045 | D:1      | 1045 ||| READING scroll labelled CEXU POFUON EHI.
  1050 | D:1      | 1050 ||| READING scroll labelled RUGANU TAETRE.
  1051 | D:1      | 1051 ||| READING scroll labelled GAZOKL ONYVOXU.
  1058 | D:1      | 1058 ||| READING scroll labelled ROFIAW OWAADAPH.
  1064 | D:1      | 1064 ||| DRINKING 2 lumpy clear potions.
  1066 | D:1      | 1066 ||| DROPPING potion of brilliance.
  1113 | D:2      | Found Ijoniem's Weapon Shoppe.
  1126 | D:2      | 1126 ||| SHOPLISTING +6 broad axe of Ryixzof {speed, Dex+4}
                  | (746 gold, have 129).
  1153 | D:2      | Reached XP level 3. HP: 23/23 MP: 3/3
  1191 | D:2      | 1191 ||| Stepping ~*~*~tactically~*~*~ (stealth).
  1267 | D:2      | Noticed Jessica
  1273 | D:2      | Killed Jessica
  1274 | D:2      | Reached XP level 4. HP: 28/28 MP: 4/4
  1450 | D:2      | Found a faded altar of an unknown god.
  1904 | D:2      | 1904 ||| UPGRADING to amulet of regeneration.
  1909 | D:2      | 1909 ||| UPGRADING to ring of protection from fire.
  1910 | D:2      | 1910 ||| READING scroll labelled DUROPN KIBIU.
  1911 | D:2      | 1911 ||| DRINKING 3 red potions.
  1912 | D:2      | 1912 ||| DRINKING 2 grey potions.
  1913 | D:2      | 1913 ||| READING 2 scrolls of identify.
  1913 | D:2      | 1913 ||| IDENTIFYING green potion
  1932 | D:3      | Reached skill level 4 in Axes
  2060 | D:3      | 2060 ||| Stepping ~*~*~tactically~*~*~ (hiding).
  2291 | D:3      | Identified the staff of cold "Sysek" {Fly rC+}
  2322 | D:3      | 2322 ||| DROPPING +0 club.
  2438 | D:3      | Noticed Robin
  2439 | D:3      | 2439 ||| Stepping ~*~*~tactically~*~*~ (hiding).
  2444 | D:3      | Killed Robin
  2445 | D:3      | Reached XP level 5. HP: 32/32 MP: 5/5
  2628 | D:3      | 2628 ||| UPGRADING to +2 helmet.
  2633 | D:3      | 2633 ||| UPGRADING to +0 chain mail.
  2643 | D:3      | 2643 ||| DROPPING +0 scale mail.
  2644 | D:3      | 2644 ||| UPGRADING to +0 ice dragon scales.
  2654 | D:3      | 2654 ||| READING scroll labelled ZOKLEFO SIAHOM.
  2660 | D:3      | 2660 ||| READING scroll labelled ODDAMO FUOXZU.
  2661 | D:3      | 2661 ||| DRINKING 3 lumpy pink potions.
  2687 | D:4      | Found Ebogis's Magic Scroll Shoppe.
  2691 | D:4      | 2691 ||| BUYING scroll of identify (22 gold).
  2691 | D:4      | Bought a scroll of identify for 22 gold pieces
  2691 | D:4      | 2691 ||| BUYING scroll of identify (22 gold).
  2691 | D:4      | Bought a scroll of identify for 22 gold pieces
  2691 | D:4      | 2691 ||| BUYING scroll of identify (22 gold).
  2691 | D:4      | Bought a scroll of identify for 22 gold pieces
  2779 | D:4      | 2779 ||| Stepping ~*~*~tactically~*~*~ (stealth).
  2795 | D:4      | Reached skill level 5 in Axes
  2884 | D:4      | 2884 ||| READING scroll of enchant armour.
  2884 | D:4      | 2884 ||| ENCHANTING +0 ice dragon scales.
  3334 | D:4      | Found a white marble altar of Elyvilon.
  3446 | D:4      | 3446 ||| UPGRADING to ring of protection from fire.
  3447 | D:4      | 3447 ||| READING scroll labelled RENUGAOHEI.
  3448 | D:4      | 3448 ||| READING 5 scrolls of identify.
  3448 | D:4      | 3448 ||| IDENTIFYING viscous cyan potion
  3449 | D:4      | 3449 ||| READING 4 scrolls of identify.
  3449 | D:4      | 3449 ||| IDENTIFYING smoky grey potion
  3450 | D:4      | 3450 ||| READING 3 scrolls of identify.
  3450 | D:4      | 3450 ||| IDENTIFYING inky potion
  3451 | D:4      | 3451 ||| DROPPING potion of degeneration.
  3465 | D:5      | Entered Level 5 of the Dungeon
  3465 | D:5      | Noticed an ice beast
  3466 | D:5      | 3466 ||| PLANNING OSSUARY
  3470 | D:5      | 3470 ||| STAIRDANCE
  3474 | D:4      | Killed an ice beast
  3475 | D:4      | Reached XP level 6. HP: 30/40 MP: 6/6
  3488 | D:5      | Noticed an ice beast
  3494 | D:5      | Killed an ice beast
  3511 | D:5      | Reached XP level 7. HP: 33/44 MP: 7/7
  3516 | D:5      | Reached skill level 6 in Axes
  3516 | D:5      | 3516 ||| READING 2 scrolls of teleportation.
  3519 | D:5      | HP: 11/44 [acid (5)]
  3760 | D:5      | Reached skill level 1 in Dodging
  3928 | D:5      | 3928 ||| Stepping ~*~*~tactically~*~*~ (stealth).
  3930 | D:5      | 3930 ||| Stepping ~*~*~tactically~*~*~ (stealth).
  3938 | D:5      | 3938 ||| Stepping ~*~*~tactically~*~*~ (stealth).
  3946 | D:5      | 3946 ||| DROPPING +0 flail.
  3960 | D:5      | Found a sand-covered staircase.
  3961 | D:5      | 3961 ||| READING scroll labelled DABRIF PEUDIOTER.
  3962 | D:5      | 3962 ||| READING 2 scrolls of identify.
  3962 | D:5      | 3962 ||| IDENTIFYING sedimented yellow potion
  3968 | Ossuary  | Entered an ossuary
  4052 | Ossuary  | 4052 ||| Stepping ~*~*~tactically~*~*~ (stealth).
  4078 | Ossuary  | 4078 ||| READING scroll of enchant weapon.
  4078 | Ossuary  | 4078 ||| ENCHANTING +1 war axe.
  4163 | Ossuary  | 4163 ||| READING scroll labelled MYEDIW PIUSMEO.
  4164 | Ossuary  | 4164 ||| READING scroll labelled YQUDYEDUSO.
  4265 | Ossuary  | 4265 ||| DRINKING 2 clear potions.
  4266 | Ossuary  | 4266 ||| DRINKING 2 amethyst potions.
  4284 | Ossuary  | 4284 ||| DRINKING 2 fizzy sapphire potions.
  4285 | Ossuary  | 4285 ||| DRINKING 4 potions of curing.
  4285 | Ossuary  | 4285 ||| (to cure confusion)
  4286 | Ossuary  | 4286 ||| DROPPING potion of flight.
  4287 | Ossuary  | 4287 ||| DROPPING potion of ambrosia.
  4307 | D:5      | 4307 ||| PLANNING D:1-11
  4316 | D:5      | Found a snail-covered altar of Cheibriados.
  4387 | D:5      | 4387 ||| Stepping ~*~*~tactically~*~*~ (stealth).
  4389 | D:5      | 4389 ||| Stepping ~*~*~tactically~*~*~ (hiding).
  4509 | D:5      | 4509 ||| Stepping ~*~*~tactically~*~*~ (hiding).
  4519 | D:5      | Reached skill level 7 in Axes
  4527 | D:5      | Reached skill level 1 in Throwing
  4527 | D:5      | Reached XP level 8. HP: 45/49 MP: 8/8
  4582 | D:5      | 4582 ||| Stepping ~*~*~tactically~*~*~ (hiding).
  4584 | D:5      | 4584 ||| Stepping ~*~*~tactically~*~*~ (hiding).
  4585 | D:5      | 4585 ||| Stepping ~*~*~tactically~*~*~ (hiding).
  4586 | D:5      | 4586 ||| Stepping ~*~*~tactically~*~*~ (hiding).
  4587 | D:5      | 4587 ||| Stepping ~*~*~tactically~*~*~ (hiding).
  4589 | D:5      | 4589 ||| Stepping ~*~*~tactically~*~*~ (hiding).
  4590 | D:5      | 4590 ||| Stepping ~*~*~tactically~*~*~ (hiding).
  4698 | D:5      | 4698 ||| READING scroll of enchant weapon.
  4698 | D:5      | 4698 ||| ENCHANTING +2 war axe.
  4825 | D:5      | Found a sparkling altar of Nemelex Xobeh.
  4861 | D:5      | 4861 ||| READING 2 scrolls of identify.
  4861 | D:5      | 4861 ||| IDENTIFYING viscous coppery potion
  4862 | D:5      | 4862 ||| DROPPING potion of magic.
  4993 | D:6      | 4993 ||| DROPPING +0 morningstar.
  4995 | D:6      | 4995 ||| READING scroll of enchant armour.
  4995 | D:6      | 4995 ||| ENCHANTING +1 ice dragon scales.
  5006 | D:6      | Found a staircase to the Ecumenical Temple.
  5008 | D:6      | 5008 ||| PLANNING TEMPLE
  5009 | D:6      | 5009 ||| FLEEEEING.
  5018 | D:6      | 5018 ||| Stepping ~*~*~tactically~*~*~ (hiding).
  5034 | D:6      | Reached skill level 8 in Axes
  5037 | D:6      | 5037 ||| Stepping ~*~*~tactically~*~*~ (hiding).
  5064 | Temple   | Entered the Ecumenical Temple
  5075 | Temple   | 5075 ||| PLANNING D:1-11
  5219 | D:6      | Found Xumahec's Distillery.
  5224 | D:6      | 5224 ||| BUYING potion of attraction (42 gold).
  5224 | D:6      | Bought a potion of attraction for 42 gold pieces
  5224 | D:6      | 5224 ||| BUYING potion of attraction (42 gold).
  5224 | D:6      | Bought a potion of attraction for 42 gold pieces
  5224 | D:6      | 5224 ||| BUYING potion of cancellation (112 gold).
  5224 | D:6      | Bought a potion of cancellation for 112 gold pieces
  5224 | D:6      | 5224 ||| BUYING potion of curing (42 gold).
  5224 | D:6      | Bought a potion of curing for 42 gold pieces
  5224 | D:6      | 5224 ||| BUYING potion of curing (42 gold).
  5224 | D:6      | Bought a potion of curing for 42 gold pieces
  5224 | D:6      | 5224 ||| BUYING potion of might (56 gold).
  5224 | D:6      | Bought a potion of might for 56 gold pieces
  5224 | D:6      | 5224 ||| BUYING potion of might (56 gold).
  5224 | D:6      | Bought a potion of might for 56 gold pieces
  5253 | D:6      | Found an ornate altar of the Wu Jian Council.
  5262 | D:6      | 5262 ||| Stepping ~*~*~tactically~*~*~ (hiding).
  5265 | D:6      | 5265 ||| Stepping ~*~*~tactically~*~*~ (hiding).
  5281 | D:6      | Reached skill level 6 in Fighting
  5643 | D:6      | 5643 ||| READING scroll labelled DUYXIF QI NOM.
  5693 | D:7      | 5693 ||| Stepping ~*~*~tactically~*~*~ (hiding).
  5729 | D:7      | 5729 ||| Stepping ~*~*~tactically~*~*~ (hiding).
  5730 | D:7      | 5730 ||| Stepping ~*~*~tactically~*~*~ (hiding).
  5867 | D:7      | 5867 ||| Stepping ~*~*~tactically~*~*~ (hiding).
  6061 | D:7      | Reached XP level 9. HP: 56/56 MP: 9/9
  6166 | D:7      | Reached skill level 9 in Axes
  6369 | D:7      | 6369 ||| Stepping ~*~*~tactically~*~*~ (stealth).
  6370 | D:7      | 6370 ||| Stepping ~*~*~tactically~*~*~ (stealth).
  6382 | D:7      | HP: 7/56 [yak (9)]
  6383 | D:7      | 6383 ||| READING 2 scrolls of teleportation.
  6383 | D:7      | HP: 1/56 [yak (7)]
  6383 | D:7      | Slain by a yak

Levels and vault maps discovered:
D:1:      lightli_molten_gateway, layout_basic, minmay_quantized
D:2:      layout_basic, hellmonk_ecumenical_altar_run_dry, serial_shops,
          nicolae_shop_tiny_real_fake_doors, uniq_jessica
D:3:      layout_loops_ring, uniq_robin
D:4:      layout_loops_ring, mainiacjoe_overflow_alcove_1, serial_shops,
          nicolae_stop_n_shop_2
D:5:      layout_cave_pools, nemelex_diamond_rough_becter,
          mainiacjoe_overflow_24_doors, enter_ossuary_2,
          minmay_misc_feat_pillars, roderic_serpentine_path,
          minmay_crystal_water
D:6:      layout_basic, nzn_wu_jian_contemplation,
          minmay_temple_entry_purple_smoke, serial_shops,
          nicolae_shop_pleasant_corner_grove
D:7:      layout_loops_corners
Temple:   minmay_freezing_vapour_temple

Skill      XL: |  1  2  3  4  5  6  7  8  9 |
---------------+----------------------------+-----
Axes           | 2 3 4 5 7 8 9 |  9.1
Fighting       | 4 5 6 |  6.8
Dodging        | 1 |  1.2
Throwing       | 1 |  1.7
Armour         | 4 |  4.0
Shields        | 4 |  4.0

Action                     |  1- 3 |  4- 6 |  7- 9 || total
---------------------------+-------+-------+-------++-------
  Melee: War axe           |    94 |   115 |   228 ||   437
  Throw: Boomerang         |       |    41 |    75 ||   116
    Use: Scroll            |     6 |     9 |    11 ||    26
         Potion            |     1 |     3 |     4 ||     8
 Armour: Scale mail        |    56 |    31 |       ||    87
         Ice dragon scales |       |    53 |   115 ||   168
  Dodge: Dodged            |    34 |    59 |    88 ||   181
  Block: Buckler           |    17 |    27 |    45 ||    89

Table legend:
 A = Non-vault XP
 B = Vault XP
 C = Vault XP percentage of total XP
 D = Non-vault monster count
 E = Vault monster count
 F = Vault count percentage of total count
                 A         B        C        D         E       F
            +---------+---------+-------+---------+---------+-------
      Total |    2725 |     233 |   7.9 |     113 |      31 |  21.5
            +---------+---------+-------+---------+---------+-------
        D:1 |      23 |       9 |  28.1 |      12 |       5 |  29.4
        D:2 |      24 |      37 |  60.7 |       7 |       1 |  12.5
        D:3 |      42 |      32 |  43.2 |      14 |       9 |  39.1
        D:4 |     238 |       0 |   0.0 |      17 |       0 |   0.0
        D:5 |     690 |       0 |   0.0 |      24 |       0 |   0.0
        D:6 |     828 |       0 |   0.0 |      22 |       0 |   0.0
        D:7 |     880 |       0 |   0.0 |      17 |       0 |   0.0
    Ossuary |       0 |     155 | 100.0 |       0 |      16 | 100.0
            +---------+---------+-------+---------+---------+-------
